 Dungeon Crawl Stone Soup version 0.28-a0-616-gdeb3d7f7b4 (webtiles) character file.

Game seed: 14883705350152777823

182 DungeonMaster the Skirmisher (level 5, -3/44 HPs)
             Began as a Demonspawn Wanderer on Oct 6, 2021.
             Slain by Sigmund (5 damage)
             ... on level 3 of the Dungeon.
             The game lasted 00:03:27 (3009 turns).

DungeonMaster the Skirmisher (Demonspawn Wanderer)  Turns: 3009, Time: 00:03:28

Health: -3/44      AC:  7    Str: 14    XL:     5   Next: 35%
Magic:  5/5        EV: 10    Int: 11    God:
Gold:   136        SH:  0    Dex: 14    Spells: 4/4 levels left

rFire   . . .      SeeInvis .   a - +4 quarterstaff (chaos)
rCold   . . .      Faith    .   (shield currently unavailable)
rNeg    . . .      Spirit   .   j - +0 scale mail
rPois   .          Reflect  .   (no helmet)
rElec   .          Harm     .   h - +0 cloak
rCorr   .          Rampage  .   (no gloves)
Will    .....                   (no boots)
Stlth   ..........              (no amulet)
HPRegen 0.14/turn               (no ring)
MPRegen 0.09/turn               (no ring)

@: no status effects
A: claws 1, foul stench 1, spiny 1
a: no special abilities


You were on level 3 of the Dungeon.
You visited 1 branch of the dungeon, and saw 3 of its levels.

You collected 136 gold pieces.

Inventory:

Hand Weapons
 a - a +4 quarterstaff of chaos (weapon)
Missiles
 e - 94 stones (quivered)
 g - 17 arrows
 m - 12 sling bullets
 n - 15 bolts
Armour
 h - a +0 cloak (worn)
 j - a +0 scale mail (worn)
Wands
 f - a wand of iceblast (9)
Scrolls
 c - a scroll of teleportation
Potions
 b - 2 potions of lignification
 d - 4 potions of heal wounds


   Skills:
 * Level 5.1 Fighting
 - Level 1.0 Axes
 - Level 1.0 Staves
 - Level 1.0 Throwing
 * Level 2.6 Armour
 * Level 3.0 Dodging
 - Level 1.0 Stealth


You had 4 spell levels left.
You didn't know any spells.
Your spell library contained the following spells:

 Spells                   Type           Power      Damage    Failure   Level
 Magic Dart               Conj           0%         1d3       82%         1
 Call Imp                 Summ           0%         N/A       91%         2
 Dazzling Flash           Conj/Hex       0%         N/A       99%         3
 Mephitic Cloud           Conj/Pois/Air  0%         N/A       99%         3
 Iskenderun's Mystic Bla  Conj/Tloc      0%         2d3       100%        4
 Starburst                Conj/Fire      0%         6d3       100%        6


Dungeon Overview and Level Annotations

Branches:
Dungeon (3/15)

Altars:

Annotations:
D:3 Sigmund


Innate Abilities, Weirdness & Mutations

You have sharp fingernails.
You may rarely emit foul miasma when damaged in melee.
You are partially covered in sharp spines.


Message History

No target in view!
No target in view!
No target in view!
No target in view!
No target in view!
No target in view!
No target in view!
No target in view!
No target in view!
No target in view!
No target in view!
No target in view!
No target in view!
No target in view!
No target in view!
No target in view!
No target in view!
You now have 136 gold pieces (gained 11).
There is an escape hatch in the floor here.
Sigmund the Dreaded comes into view.
He is wielding a +0 scythe.
Sigmund shouts!
Sigmund casts a spell at you. The magic dart hits you!
Sigmund is nearby!
Sigmund casts a spell.
Sigmund flickers and vanishes!
Deactivating autopickup; reactivate with Ctrl-A.
Something hits you!
You closely miss something. You barely miss something.
You hear some strange, mumbled words.
A magic dart appears from out of thin air!
The magic dart hits you!
You hear some strange, mumbled words.
Something tries to affect you, but you resist.
You sock something!
Nothing appears to happen.
Something hits you!!
* * * LOW HITPOINT WARNING * * *
Your scale mail prevents you from hitting something.
Something hits you.
You die...

#..###......# #...# #.# #
#..# #.....####...###.#.#
##.###.............<..#.#
#......##.#..#...###.#.#
###.##.##.........)....###
#.##.##.#..##......>....
#.##<#.....##.####.#####
#.##...#......####.#
#...##{@...##......# .###
##.#..#######.# .
...#..#######.#
#.####....>.....# ..
##.######### #. #.# . #.#
#.# #.#


There were no monsters in sight!

Vanquished Creatures
  A water moccasin skeleton (D:3)
  Crazy Yiuf (D:2)
  Ijyb (D:3)
  An adder (D:2)
  3 worms (D:2)
  A dart slug (D:2)
  3 ball pythons (D:1)
  10 bats
  8 endoplasms
  2 giant cockroaches
  9 goblins
  6 hobgoblins
  2 quokkas
  3 frilled lizards
  3 kobolds
  A quokka skeleton (D:2)
  4 rats
59 creatures vanquished.

Notes
Turn   | Place    | Note
-------+----------+-------------------------------------------
     0 | D:1      | DungeonMaster the Demonspawn Wanderer began the quest for
                  | the Orb.
     0 | D:1      | DungeonMaster set off with the following items: a +2
                  | quarterstaff, a +0 short sword, a scroll of teleportation,
                  | a +0 robe
     0 | D:1      | Reached XP level 1. HP: 19/19 MP: 1/1
   238 | D:1      | Gained mutation: You may rarely emit foul miasma when
                  | damaged in melee. [demonic ancestry]
   238 | D:1      | Reached XP level 2. HP: 25/25 MP: 2/2
   826 | D:1      | Gained mutation: You have sharp fingernails. [demonic
                  | ancestry]
   826 | D:1      | Reached XP level 3. HP: 31/31 MP: 3/3
  1264 | D:2      | Found a faded altar of an unknown god.
  2205 | D:2      | Found a runed translucent door.
  2208 | D:2      | Noticed Crazy Yiuf
  2219 | D:2      | Killed Crazy Yiuf
  2220 | D:2      | Gained mutation: You are partially covered in sharp spines.
                  | [demonic ancestry]
  2220 | D:2      | Reached XP level 4. HP: 27/38 MP: 4/4
  2658 | D:3      | Noticed Ijyb
  2715 | D:3      | Killed Ijyb
  2911 | D:3      | Reached XP level 5. HP: 43/43 MP: 5/5
  2915 | D:3      | Reached skill level 5 in Fighting
  2999 | D:3      | Noticed Sigmund
  3008 | D:3      | HP: 2/44 [something (18)]
  3009 | D:3      | Slain by Sigmund

Illustrated notes

Levels and vault maps discovered:
D:1:      dpeg_arrival_simpleton_a, layout_basic, nrook_mini_vaults,
          minmay_3d_cube
D:2:      layout_basic, basic_ecumenical_altar, serial_curves, eino_curves_03,
          eino_curves_01, eino_curves_02, hangedman_decor_clover_reticule,
          kennysheep_generic_room_11, uniq_crazy_yiuf_cottage
D:3:      layout_loops_ring, mainiacjoe_overflow_divided_tiny,
          mainiacjoe_overflow_concentric_impassable, grunt_ministairs_3,
          uniq_sigmund, uniq_grinder, uniq_ijyb

Skill      XL: |  1  2  3  4  5 |
---------------+----------------+-----
Dodging        | 2 3 |  3.0
Armour         | 2 |  2.6
Fighting       | 5 |  5.1
Axes           | |  1.0
Staves         | |  1.0
Throwing       | |  1.0
Stealth        | |  1.0

Action                   |  1- 3 |  4- 6 || total
-------------------------+-------+-------++-------
Melee: Quarterstaff      |    94 |    26 ||   120
  Use: Scroll            |     6 |       ||     6
       Potion            |     2 |       ||     2
 Stab: Sleeping          |     5 |       ||     5
Armor: Robe              |     3 |       ||     3
       Leather armour    |    18 |     4 ||    22
       Scale mail        |       |     5 ||     5
Dodge: Dodged            |    47 |    18 ||    65

Table legend: (Time is in decaauts)
 A = Elapsed time spent in this place.
 B = Non-inter-level travel time spent in this place.
 C = Inter-level travel time spent in this place.
 D = Time resting spent in this place.
 E = Time spent auto-exploring this place.
 F = Levels seen in this place.
 G = Mean time per level.
                   A        B        C        D        E       F      G
               +--------+--------+--------+--------+--------+-----+--------+
         Total |   3048 |   3001 |     47 |    568 |   2047 |   3 | 1016.0 |
       Dungeon |   3048 |   3001 |     47 |    568 |   2047 |   3 | 1016.0 |
               +--------+--------+--------+--------+--------+-----+--------+

Top non-repeatable levels by time:
     D:2: 1573 daAuts
     D:1: 1165 daAuts
     D:3: 309 daAuts
